 Dungeon Crawl Stone Soup version 0.30-a0-1016-gfb0d676c02 (webtiles) character file.

Game seed: 10926301273118252622

205 bande the Covered (level 5, -2/33 HPs)
             Began as a Gargoyle Fighter on Apr 6, 2023.
             Slain by a gnoll
             ... wielding a +0 halberd
             ... led by a gnoll bouda
              (7 damage)
             ... on level 4 of the Dungeon.
             The game lasted 00:06:37 (2947 turns).

bande the Covered (Gargoyle Fighter)                Turns: 2947, Time: 00:06:38

Health: -2/33      AC: 17    Str: 20    XL:     5   Next: 83%
Magic:  5/5        EV:  5    Int:  8    God:
Gold:   185        SH:  4    Dex: 11    Spells: 4/4 levels left

rFire   . . .      SeeInvis .    a - +1 war axe
rCold   . . .      Faith    .    c - +0 buckler
rNeg    + . .      Spirit   .    w - +0 plate armour
rPois   ∞          Reflect  .    (no helmet)
rElec   +          Rampage  .    s - scarf {+Inv}
rCorr   .                        (no gloves)
Will    .....                    r - +0 pair of boots Stlth
                                 (no amulet)
HPRegen 0.25/turn                (no ring)
MPRegen 0.09/turn                (no ring)

@: weakened
A: sickness immunity, AC +4, negative energy resistance 1, electricity
resistance, torment resistance 1, petrification resistance
a: Evoke Invisibility


You were on level 4 of the Dungeon.
You visited 1 branch of the dungeon, and saw 4 of its levels.

You collected 185 gold pieces.

Inventory:

Hand Weapons
 a - a +1 war axe (weapon)
 b - a +0 flail
 j - a +0 war axe
Armour
 c - a +0 buckler (worn)
 r - a +0 pair of boots (worn)
 s - a scarf of invisibility (worn)
 w - a +0 plate armour (worn)
Wands
 h - a wand of flame (22)
 t - a wand of polymorph (9)
Scrolls
 e - 2 scrolls of identify
 f - a scroll of enchant weapon
 q - a scroll of magic mapping
Potions
 d - a potion of might
 i - a potion of mutation
 k - a potion of heal wounds
 l - a potion of curing {unknown}
 m - a potion of resistance {unknown}
 n - a potion of cancellation {unknown}
 p - 2 potions of invisibility
 v - a potion of flight {unknown}


   Skills:
 + Level 4.0 Fighting
 + Level 3.7 Axes
 + Level 4.2 Armour
 + Level 3.8 Shields
 * Level 1.2 Evocations


You had 4 spell levels left.
You didn't know any spells.
Your spell library contained the following spells:

 Spells                   Type           Power      Damage    Failure   Level
 Sting                    Tmut/Pois      0%         1d3       100%        1
 Poisonous Vapours        Pois/Air       0%         N/A       100%        2
 Dazzling Flash           Conj/Hex       0%         N/A       100%        3
 Olgreb's Toxic Radiance  Pois           0%         N/A       100%        4
 Summon Lightning Spire   Summ/Air       0%         N/A       100%        4
 Agony                    Necr           0%         N/A       100%        5
 Silence                  Hex/Air        0%         N/A       100%        5
 Storm Form               Tmut/Air       0%         N/A       100%        7
 Maxwell's Capacitive Co  Air            0%         ∞         100%        8


Dungeon Overview and Level Annotations

Branches:
Dungeon (4/15)
 Temple: D:4-7

Altars:
Gozag
Wu Jian

Shops:
D:3 ?

Annotations:
D:4 2 transporters


Innate Abilities, Weirdness & Mutations

You are immune to sickness and miasma.
Your stone body is resilient. (AC +4)
You are immune to poison.
You resist negative energy. (rN+)
You are resistant to electric shocks. (rElec)
You are resistant to unholy torment.
You are immune to petrification.


Message History

You closely miss the gnoll. You closely miss the gnoll bouda.
The gnoll bouda hits you but does no damage.
You block the gnoll's attack.
The gnoll bouda gazes fiercely through you!
You feel your attacks grow feeble.
The gnoll bouda hits you with a +0 whip!
Unknown command.
You barely miss the gnoll. You hit the gnoll bouda.
The gnoll hits you but does no damage.
The gnoll bouda gazes fiercely through you!
You feel as though you will be weak longer.
The gnoll bouda hits you with a +0 whip.
You hit the gnoll but do no damage. You barely miss the gnoll bouda.
The gnoll hits you but does no damage. You block the gnoll bouda's attack.
The gnoll hits you with a +0 halberd.
You hit the gnoll but do no damage.
You hit the gnoll bouda but do no damage.
The gnoll bouda hits you with a +0 whip.
The gnoll hits you but does no damage.
The gnoll bouda gazes fiercely through you!
You feel as though you will be weak longer.
The gnoll bouda hits you but does no damage.
You closely miss the gnoll.
You hit the gnoll bouda but do no damage.
The gnoll hits you but does no damage.
The gnoll bouda gazes fiercely through you!
You feel as though you will be weak longer.
You block the gnoll bouda's attack.
You barely miss the gnoll. You hit the gnoll bouda.
The gnoll hits you with a +0 halberd.
* * * LOW HITPOINT WARNING * * *
The gnoll bouda hits you with a +0 whip.
* * * LOW HITPOINT WARNING * * *
The gnoll hits you but does no damage.
The gnoll bouda gazes fiercely through you!
You feel as though you will be weak longer.
The gnoll bouda barely misses you.
You hit the gnoll but do no damage. You barely miss the gnoll bouda.
The gnoll hits you with a +0 halberd!
You die...

#.# #####....####. #.#
#........#....
#.####.........)##.
#........##.#.####.
##.########.#......
#####..## #.#######
##.......## #.#
#...P).g..# #!#
#..P..@...#* #.# ####
#.....g....# #[# #...
*#..........# #.# #.##
#...........# #.# ##.#8
#........P..# #.###..#.
#.....P.....# ##.#...©#©
#.#.........###....#..#.
#.####..........).....#8
*,,***,,##.####...##..##


You could see a gnoll bouda and a gnoll (swift).

Vanquished Creatures
  An iguana (D:4)
  Terence (D:2)
  2 gnolls (D:4)
  6 adders
  A worm (D:2)
  A dart slug (D:2)
  An orc (D:3)
  6 endoplasms
  7 giant cockroaches
  5 goblins
  6 hobgoblins
  4 quokkas
  8 ball pythons
  2 bats
  6 frilled lizards
  12 kobolds
  6 rats
75 creatures vanquished.

Vanquished Creatures (others)
  16 plants (D:4)
16 creatures vanquished.

Grand Total: 91 creatures vanquished

Notes
Turn   | Place    | Note
-------+----------+-------------------------------------------
     0 | D:1      | bande the Gargoyle Fighter began the quest for the Orb.
     0 | D:1      | Reached XP level 1. HP: 14/14 MP: 1/1
   107 | D:1      | Reached XP level 2. HP: 19/19 MP: 2/2
   376 | D:1      | Found a faded altar of an unknown god.
   435 | D:1      | Reached XP level 3. HP: 19/23 MP: 3/3
  1066 | D:2      | Reached XP level 4. HP: 24/29 MP: 4/4
  1288 | D:2      | Noticed Terence
  1303 | D:2      | Killed Terence
  2153 | D:3      | Found Jalum's Magic Scroll Boutique.
  2255 | D:3      | Reached XP level 5. HP: 31/33 MP: 5/5
  2262 | D:3      | Found an ornate altar of the Wu Jian Council.
  2263 | D:3      | Found an opulent altar of Gozag.
  2541 | D:4      | Found a transporter.
  2547 | D:4      | Found a transporter.
  2777 | D:4      | Reached skill level 1 in Evocations
  2947 | D:4      | Slain by a gnoll

Illustrated notes

Levels and vault maps discovered:
D:1:      nzn_arrival_crosshair, layout_loops_cross,
          shapermc_ecumenical_altar_venn
D:2:      layout_loops_ring, grunt_ministairs_9, roderic_roman_lattice,
          serial_bayou_pond_d, minivault_5, minmay_octomino_e4, uniq_terence
D:3:      layout_loops_ring, nicolae_overflow_squiral, serial_shops,
          shop_statue, hex_tiny
D:4:      gammafunk_steamed_eel, layout_loops_corners, nicolae_grassy_gnolls,
          uniq_ijyb, uniq_edmund

Skill      XL: |  1  2  3  4  5 |
---------------+----------------+-----
Axes           | 2 3 |  3.7
Armour         | 4 |  4.2
Evocations     | 1 |  1.2
Fighting       | 4 |  4.0
Shields        | |  3.8

Action                     |  1- 3 |  4- 6 || total
---------------------------+-------+-------++-------
  Melee: War axe           |   107 |   115 ||   222
    Use: Scroll            |       |     8 ||     8
 Armour: Scale mail        |    47 |    16 ||    63
         Chain mail        |       |    43 ||    43
         Plate armour      |       |    30 ||    30
  Dodge: Dodged            |    50 |    40 ||    90
  Block: Buckler           |    25 |    30 ||    55

Table legend: (Time is in decaauts)
 A = Elapsed time spent in this place.
 B = Non-inter-level travel time spent in this place.
 C = Inter-level travel time spent in this place.
 D = Time resting spent in this place.
 E = Time spent auto-exploring this place.
 F = Levels seen in this place.
 G = Mean time per level.
                   A        B        C        D        E       F      G
               +--------+--------+--------+--------+--------+-----+--------+
         Total |   3037 |   2847 |    190 |     66 |   2135 |   4 |  759.2 |
       Dungeon |   3037 |   2847 |    190 |     66 |   2135 |   4 |  759.2 |
               +--------+--------+--------+--------+--------+-----+--------+

Top non-repeatable levels by time:
     D:2: 1171 daAuts
     D:3: 737 daAuts
     D:1: 710 daAuts
     D:4: 418 daAuts
